 Dungeon Crawl Stone Soup version 0.31-a0-185-g9dded2c639 (webtiles) character file.

Game seed: 10374691738187389781

56 qw the Shooter (level 3, -1/20 HPs)
             Began as a Deep Elf Hunter on June 22, 2023.
             Slain by an adder (2 damage)
             ... on level 2 of the Dungeon.
             The game lasted 00:00:29 (1518 turns).

qw the Shooter (Deep Elf Hunter)                    Turns: 1518, Time: 00:00:30

Health: -1/20      AC:  3    Str: 10    XL:     3   Next: 71%
Magic:  5/5        EV: 13    Int: 13    God:
Gold:   40         SH:  0    Dex: 18    Spells: 2/2 levels left

rFire   . . .        Y - +1 shortbow
rCold   . . .        (shield currently unavailable)
rNeg    . . .        h - +1 robe {Will+}
rPois   .            (no helmet)
rElec   .            (no cloak)
rCorr   .            (no gloves)
SInv    .            (no boots)
Will    +....        (no amulet)
Stlth   ++           (no ring)
HPRegen 0.23/turn    (no ring)
MPRegen 0.09/turn

%: no passive effects
@: no status effects
A: no striking features
a: no special abilities


You were on level 2 of the Dungeon.
You visited 1 branch of the dungeon, and saw 2 of its levels.

You collected 40 gold pieces.


   Skills:
 - Level 1.5 Fighting
 + Level 7.2 Ranged Weapons
 - Level 2.4 Dodging
 - Level 1.2 Stealth


You had 2 spell levels left.
You didn't know any spells.
Your spell library was empty.

Inventory:

Hand Weapons
 Y - a +1 shortbow (weapon)
Armour
 c - a +0 leather armour
 h - a +1 robe of willpower (worn)
Potions
 a - 2 potions of haste {unknown}
 b - a potion of curing {unknown}
 d - a potion of ambrosia {unknown}

Dungeon Overview and Level Annotations

Branches:
Dungeon (2/15)

Altars:

Annotations:
D:2 Robin


Message History

You shoot an arrow. The arrow barely misses the goblin.
The goblin shouts!
The goblin hits you but does no damage. The hobgoblin barely misses you.
The goblin misses you.
You shoot an arrow. The arrow hits the goblin.
You kill the goblin!
The hobgoblin misses you.
You shoot an arrow.
The arrow hits the hobgoblin but does no damage.
The hobgoblin closely misses you. x2
You shoot an arrow. The arrow hits the hobgoblin!
You kill the hobgoblin!
The hobgoblin closely misses you.
1513 ||| Stepping ~*~*~tactically~*~*~ (outnumbered).
The hobgoblin attacks as you move away! The hobgoblin hits you.
You shoot an arrow. The arrow barely misses the adder.
The arrow hits the hobgoblin.
The hobgoblin is moderately wounded.
The adder bites you.
You are poisoned.
The adder poisons you! Robin throws the goblin at you!
The goblin hits you with a +0 dagger. The adder closely misses you.
You shoot an arrow. The arrow closely misses the adder.
The arrow barely misses the hobgoblin.
The arrow barely misses the rat.
You feel sick. The adder bites you but does no damage.
The goblin closely misses you.
You shoot an arrow. The arrow hits the adder.
The adder is moderately wounded.
You feel sick. The adder bites you. The goblin hits you but does no damage.
You shoot an arrow. The arrow misses the adder.
The arrow hits the hobgoblin!
You kill the hobgoblin!
You feel sick. The adder completely misses you.
The goblin hits you with a +0 dagger. The adder closely misses you.
You shoot an arrow.
The arrow hits the adder but does no damage.
The adder is moderately wounded.
You feel sick.
You are no longer poisoned.
The adder bites you.
You die...

. ...##
......###################
.....gbS@g...............
......g##################
.....#. .... .g ##. ...
<. .... . # ..... ..
...... ... ....


You could see an adder, 3 goblins and a bat.

Vanquished Creatures
  An adder (D:2)
  4 ball pythons
  2 endoplasms
  A giant cockroach (D:1)
  9 hobgoblins
  2 jackals (D:1)
  4 kobolds
  5 bats (D:1)
  4 frilled lizards
  7 goblins
  5 rats
44 creatures vanquished.

Notes
Turn   | Place    | Note
-------+----------+-------------------------------------------
     0 | D:1      | qw the Deep Elf Hunter began the quest for the Orb.
     0 | D:1      | Reached XP level 1. HP: 12/12 MP: 3/3
     0 | D:1      | 0 ||| qw: Version: 0.3-a-9-g12657ce
     0 | D:1      | 0 ||| qw: Game counter: 1768
     0 | D:1      | 0 ||| qw: Always use a shield: true
     0 | D:1      | 0 ||| qw: God list: Okawaru
     0 | D:1      | 0 ||| qw: Allow faded altars: false
     0 | D:1      | 0 ||| qw: Do Orc after D:15 true
     0 | D:1      | 0 ||| qw: Do second Lair branch before Depths: true
     0 | D:1      | 0 ||| qw: Lair rune preference: random
     0 | D:1      | 0 ||| qw: Plans: Normal
     0 | D:1      | 0 ||| PLANNING D:1-11
   155 | D:1      | Found a faded altar of an unknown god.
   410 | D:1      | Reached XP level 2. HP: 16/16 MP: 4/4
   411 | D:1      | Reached skill level 6 in Ranged Weapons
   543 | D:1      | 543 ||| UPGRADING to +1 robe of willpower.
   985 | D:1      | Reached XP level 3. HP: 20/20 MP: 5/5
  1035 | D:1      | 1035 ||| READING scroll labelled NATHRE EREYBU.
  1036 | D:1      | 1036 ||| READING scroll labelled ZAOHYU UDAILE.
  1074 | D:1      | 1074 ||| READING 3 scrolls labelled SUAT GAZEKLUC.
  1075 | D:1      | 1075 ||| READING scroll labelled SEZ UWONTAN.
  1076 | D:1      | 1076 ||| READING scroll labelled EMOOSS BUNIJ.
  1080 | D:1      | 1080 ||| READING scroll labelled DISICHO PILO.
  1081 | D:1      | 1081 ||| DROPPING scroll of butterflies.
  1082 | D:1      | 1082 ||| DROPPING 2 scrolls of amnesia.
  1125 | D:2      | 1125 ||| STAIRDANCE
  1187 | D:2      | Noticed Robin
  1194 | D:2      | HP: 2/20 [goblin/+0 dagger[Robin] (5)]
  1195 | D:2      | 1195 ||| READING scroll of teleportation.
  1308 | D:2      | Reached skill level 7 in Ranged Weapons
  1506 | D:2      | 1506 ||| Stepping ~*~*~tactically~*~*~ (outnumbered).
  1513 | D:2      | 1513 ||| Stepping ~*~*~tactically~*~*~ (outnumbered).
  1517 | D:2      | HP: 2/20 [goblin/+0 dagger[Robin] (5)]
  1518 | D:2      | Slain by an adder

Levels and vault maps discovered:
D:1:      dpeg_arrival_subterranean_lakeside_camping, layout_loops_corners,
          chequers_ecumenical_altar_grove, serial_bayou, serial_bayou_lake_a,
          serial_bayou_shore_b, serial_bayou_crossing, serial_bayou_lagoon_a
D:2:      layout_basic, nrook_mini_vaults, uniq_robin

Skill      XL: |  1  2  3 |
---------------+----------+-----
Ranged Weapons | 6 7 |  7.2
Fighting       | |  1.5
Dodging        | |  2.4
Stealth        | |  1.2

Action                     || total
---------------------------++-------
   Fire: Shortbow          ||   105
    Use: Scroll            ||     7
 Armour: Leather armour    ||     2
         Robe              ||    14
  Dodge: Dodged            ||    51

Table legend:
 A = Non-vault XP
 B = Vault XP
 C = Vault XP percentage of total XP
 D = Non-vault monster count
 E = Vault monster count
 F = Vault count percentage of total count
                 A         B        C        D         E       F
            +---------+---------+-------+---------+---------+-------
      Total |      59 |      22 |  27.2 |      31 |      13 |  29.5
            +---------+---------+-------+---------+---------+-------
        D:1 |      34 |       9 |  20.9 |      21 |       6 |  22.2
        D:2 |      25 |      13 |  34.2 |      10 |       7 |  41.2
            +---------+---------+-------+---------+---------+-------
